 Dungeon Crawl Stone Soup version 0.19-a0-1627-gc26532d (webtiles) character file.

1149 FrankyJ the Skirmisher (level 8, -12/64 HPs)
             Began as a Merfolk Summoner on Sept 19, 2016.
             Mangled by an ogre
             ... wielding a +0 giant club
              (22 damage)
             ... on level 6 of the Dungeon.
             The game lasted 00:53:10 (8637 turns).

FrankyJ the Skirmisher (Merfolk Summoner)           Turns: 8637, Time: 00:53:11

Health: -12/64     AC:  5    Str: 11    XL:     8   Next: 38%
Magic:  11/15      EV: 14    Int: 14    God:
Gold:   410        SH:  0    Dex: 14    Spells: 4 memorised, 7 levels left

rFire  . . .     SeeInvis .     n - +3 spear
rCold  . . .     Gourm    .     a - +2 robe
rNeg   . . .     Faith    .     (no shield)
rPois  .         Spirit   .     j - +0 hat
rElec  .         Dismiss  .     h - +0 cloak
rCorr  .         Reflect  .     (no gloves)
MR     .....     Harm     .     (no boots)
Stlth  ++........               (no amulet)
                                (no ring)
                                (no ring)

@: no status effects
A: change form in water, swift swim, stealthy swim
a: no special abilities


You were on level 6 of the Dungeon.
You were not hungry.

You visited 1 branch of the dungeon, and saw 6 of its levels.

You collected 410 gold pieces.

Inventory:

Hand Weapons
 e - a +0 blowgun
 m - a +4 short sword
 n - a +3 spear (weapon)
 A - the +6 quarterstaff of Tension {holy, rF+ rC+}
   (You found it on level 5 of the Dungeon)

   It has been blessed by the Shining One to cause great damage to the undead
   and demons.
   It protects you from fire.
   It protects you from cold.
Missiles
 q - 20 poisoned needles
Armour
 a - a +2 robe (worn)
 h - a +0 cloak (worn)
 j - a +0 hat (worn)
Wands
 u - a wand of random effects (26/48)
 w - a wand of paralysis (17/24)
Scrolls
 d - 4 scrolls of remove curse
 f - 3 scrolls of teleportation
 r - 3 scrolls of recharging
Potions
 g - 2 potions of curing
 l - 2 potions of might
 o - 4 potions of flight
 p - a potion of agility
 s - a potion of resistance
 t - a potion of mutation
 v - 4 potions of brilliance
 x - a potion of cancellation {unknown}
 z - a potion of heal wounds {unknown}
Books
 b - a book of Callings

   Spells                             Type                      Level
   a - Summon Small Mammal            Summoning                    1
   b - Call Imp                       Summoning                    2
   c - Call Canine Familiar           Summoning                    3
   d - Summon Guardian Golem          Hexes/Summoning              3
   e - Summon Lightning Spire         Summoning/Air                4
   f - Summon Ice Beast               Ice/Summoning                4
Comestibles
 c - 2 bread rations
 k - 4 meat rations


   Skills:
 - Level 6.0 Fighting
 + Level 4.1 Polearms
 - Level 4.0 Dodging
 - Level 2.1 Stealth
 + Level 5.1 Spellcasting
 + Level 5.9 Summonings


You had 7 spell levels left.
You knew the following spells:

 Your Spells              Type           Power        Failure   Level  Hunger
a - Summon Small Mammal   Summ           ###.         1%          1    None
b - Call Imp              Summ           ###.....     2%          2    ##.....
c - Call Canine Familiar  Summ           ###.....     6%          3    ###....
d - Summon Lightning Spi  Summ/Air       ##......     58%         4    ####...


Dungeon Overview and Level Annotations

Branches:
Dungeon (6/15)
 Temple: D:4-7

Altars:
Ashenzari
Fedhas

Shops:
D:4 [

Annotations:
D:4 mandarbmax's ghost, amateur FoEE


Message History

Your hound barely misses the hound skeleton.
The hound skeleton barely misses your hound.
Your hound bites the hound skeleton.
The centaur shoots an arrow.
The arrow hits you.
Your hound bites the hound skeleton.
The centaur shoots an arrow.
The arrow hits you!
You see here an arrow.
Your hound bites the hound skeleton. x2
The hound skeleton is destroyed!
The centaur shoots an arrow.
The arrow hits you!
* * * LOW HITPOINT WARNING * * *
You see here an arrow.
The centaur shoots an arrow.
The arrow hits you!
* * * LOW HITPOINT WARNING * * *
The centaur shoots an arrow.
The arrow barely misses you.
There is a stone staircase leading up here.
You see here an arrow.
The centaur shoots an arrow.
The arrow barely misses you. The ogre hits you with a giant club!!
You die...

####..(...##....
#..................
.....).....####.....
..........5.......##
.........#.h###....
......c....(.....#
.................#
...........O.....#
.......#..@.....#
.....##....(...#
#### #........#
#........#
##########


You could see an ogre, a centaur, a friendly hound and a friendly crimson imp.

Vanquished Creatures
  The ghost of badtown the Vexing, a novice OpEn (D:5)
  A sky beast (D:4)
  A water moccasin skeleton (D:4)
  A crimson imp (D:6)
  A centaur zombie (D:5)
  A bullfrog skeleton (D:5)
  2 orc wizards
  A worker ant (D:4)
  2 adders (D:4)
  A leopard gecko (D:3)
  7 orcs
  3 giant cockroaches
  2 goblins
  4 hobgoblins
  9 jackals
  2 kobolds
  A quokka (D:3)
  2 ball pythons
  5 bats
  5 frilled lizards
  A leopard gecko zombie (D:5)
  2 rats
55 creatures vanquished.

Vanquished Creatures (collateral kills)
  Edmund (D:4)
  A water moccasin (D:5)
  Duvessa (D:5)
  3 ogres (D:4)
  Dowan (D:5)
  A scorpion (D:4)
  4 wights
  A howler monkey (D:4)
  A quasit (D:5)
  An orc priest (D:3)
  A hound (D:4)
  2 iguanas
  An orc wizard (D:3)
  3 worker ants
  Ijyb (D:4)
  A hound skeleton (D:6)
  4 adders
  An ooze (D:1)
  An adder skeleton (D:4)
  2 worms (D:5)
  4 dart slugs
  A leopard gecko (D:3)
  3 orcs
  2 giant cockroaches
  12 goblins
  6 hobgoblins
  11 jackals
  3 quokkas
  4 bats
  2 frilled lizards
  8 kobolds
  A quokka zombie (D:6)
  5 rats
94 creatures vanquished.

Grand Total: 149 creatures vanquished

Notes
Turn   | Place    | Note
-------+----------+-------------------------------------------
     0 | D:1      | FrankyJ the Merfolk Summoner began the quest for the Orb.
     0 | D:1      | Reached XP level 1. HP: 13/13 MP: 3/3
   439 | D:1      | Reached XP level 2. HP: 20/20 MP: 3/5
   490 | D:1      | Learned a level 2 spell: Call Imp
   839 | D:1      | Reached skill level 1 in Fighting
  1504 | D:2      | Reached XP level 3. HP: 24/27 MP: 0/6
  1921 | D:2      | Reached skill level 2 in Fighting
  2161 | D:2      | Found a blossoming altar of Fedhas.
  2186 | D:2      | Reached XP level 4. HP: 31/33 MP: 1/7
  2606 | D:3      | Learned a level 3 spell: Call Canine Familiar
  3292 | D:3      | Found a faded altar of an unknown god.
  3557 | D:3      | Reached skill level 3 in Fighting
  3570 | D:3      | Reached XP level 5. HP: 33/41 MP: 1/9
  3958 | D:4      | Noticed mandarbmax's ghost (amateur FoEE)
  3970 | D:4      | Found Hurgh's Armour Boutique.
  3993 | D:5      | Entered Level 5 of the Dungeon
  4048 | D:5      | Noticed badtown's ghost (novice OpEn)
  4060 | D:5      | Killed badtown's ghost
  4060 | D:5      | Reached skill level 4 in Fighting
  4060 | D:5      | Reached XP level 6. HP: 49/49 MP: 1/12
  4494 | D:5      | Reached skill level 5 in Fighting
  5017 | D:4      | Found a shattered altar of Ashenzari.
  5017 | D:4      | Noticed a sky beast
  5096 | D:4      | Killed a sky beast
  5096 | D:4      | Reached XP level 7. HP: 41/57 MP: 8/13
  5193 | D:4      | Reached skill level 6 in Fighting
  5323 | D:5      | Got an ichor-stained quarterstaff
  5324 | D:5      | Identified the +6 quarterstaff of Tension {holy, rF+ rC+} (You found it on level 5 of the Dungeon)
  5356 | D:5      | Noticed Dowan
  5430 | D:5      | HP: 2/58 [wight/enchanted great sword (6)]
  5900 | D:4      | Noticed Edmund
  5927 | D:4      | Learned a level 4 spell: Summon Lightning Spire
  5933 | D:4      | Reached skill level 1 in Polearms
  5966 | D:4      | Killed Edmund
  6111 | D:4      | Noticed Ijyb
  6129 | D:4      | Killed Ijyb
  6516 | D:4      | Reached skill level 5 in Summonings
  7050 | D:4      | Reached XP level 8. HP: 64/64 MP: 5/15
  8103 | D:5      | Noticed Duvessa
  8343 | D:5      | Killed Duvessa
  8361 | D:5      | Killed Dowan
  8446 | D:5      | Reached skill level 5 in Spellcasting
  8637 | D:6      | Mangled by an ogre

Vault maps used:
D:1:      dpeg_chamrin_arrival_tetris
D:2:      fedhas_altar_2, first_bread, minmay_misc_feat_nine_boxes,
          minmay_tiny_reverse_x
D:3:      ecumenical_altar_2, nicolae_underground_beach
D:4:      kennysheep_goblin_castle, ashenzari_conservatory_becter, serial_shops,
          nicolae_shop_behind_doors, uniq_edmund
D:5:      uniq_duvessa
D:6:      lemuel_round_altar, serial_shops, shop, kennysheep_generic_room_13,
          uniq_pikel

Skill      XL: |  1  2  3  4  5  6  7  8 |
---------------+-------------------------+-----
Dodging        | 3 4 |  4.0
Fighting       | 1 2 3 4 5 6 |  6.0
Spellcasting   | 3 4 5 |  5.1
Polearms       | 2 4 |  4.1
Summonings     | 5 |  5.9
Stealth        | |  2.1

Action                   |  1- 3 |  4- 6 |  7- 9 || total
-------------------------+-------+-------+-------++-------
Melee: Dagger            |   120 |    22 |       ||   142
       Unarmed           |    15 |       |       ||    15
       Short sword       |       |    74 |     2 ||    76
       Spear             |       |       |    69 ||    69
       Quarterstaff      |       |       |    10 ||    10
 Cast: Summon Small Mamm |    12 |       |       ||    12
       Call Imp          |    28 |    60 |    52 ||   140
       Call Canine Famil |       |    13 |    24 ||    37
       Summon Lightning  |       |       |     1 ||     1
  Use: Scroll            |     3 |     9 |     6 ||    18
       Potion            |       |       |     1 ||     1
 Stab: Sleeping          |     5 |     5 |     1 ||    11
       Distracted        |       |     2 |     5 ||     7
  Eat: Chunk             |     6 |    14 |     8 ||    28
       Pizza             |       |       |     2 ||     2
       Meat ration       |       |       |     1 ||     1
Armor: Robe              |    36 |    27 |     7 ||    70
Dodge: Dodged            |   148 |    78 |    83 ||   309
